 Dungeon Crawl Stone Soup version 0.27-a0-1123-g2f9bb313c0 (webtiles) character file.

Game seed: 5353666711816328957

702 pokeman the Thaumaturge (level 7, -13/39 HPs)
             Began as a Deep Elf Hedge Wizard on May 3, 2021.
             Mangled by an ogre
             ... wielding a +0 giant club
              (26 damage)
             ... on level 5 of the Dungeon.
             The game lasted 00:11:48 (6156 turns).

pokeman the Thaumaturge (Deep Elf Hedge Wizard)     Turns: 6156, Time: 00:11:48

Health: -13/39     AC:  5    Str: 13    XL:     7   Next: 38%
Magic:  10/20      EV: 12    Int: 21    God:
Gold:   684        SH:  5    Dex: 14    Spells: 11/22 levels left

rFire    . . .     SeeInvis .   e - +1 short sword (venom)
rCold    . . .     Faith    .   (no shield)
rNeg     . . .     Spirit   .   s - +0 leather armour
rPois    .         Reflect  +   c - +0 hat
rElec    .         Harm     .   (no cloak)
rCorr    .         Rampage  .   n - +0 pair of gloves
Will     .....                  r - +0 pair of boots
Stlth    ++........             h - amulet of reflection
HPRegen  0.13/turn              q - +6 ring of strength
MPRegen  0.17/turn              (no ring)

@: no status effects
A: no striking features
a: no special abilities


You were on level 5 of the Dungeon.
You visited 1 branch of the dungeon, and saw 5 of its levels.

You collected 839 gold pieces.
You spent 155 gold pieces at shops.

Inventory:

Hand Weapons
 b - a +0 hand crossbow
 e - a +1 short sword of venom (weapon)
Missiles
 l - 50 arrows
 p - 37 bolts
Armour
 c - a +0 hat (worn)
 n - a +0 pair of gloves (worn)
 r - a +0 pair of boots (worn)
 s - a +0 leather armour (worn)
Jewellery
 h - an amulet of reflection (around neck)
 q - a +6 ring of strength (left hand)
 t - a +4 ring of evasion
Wands
 y - a wand of paralysis (8)
Scrolls
 d - 4 scrolls of teleportation
 g - a scroll of enchant weapon
 j - a scroll of summoning {unknown}
 o - 3 scrolls of amnesia
 u - 3 scrolls of fog
 v - a scroll of immolation
 w - a scroll of torment
 x - a scroll of blinking
Potions
 a - 4 potions of flight {unknown}
 f - a potion of curing
 i - a potion of heal wounds {unknown}
 k - a potion of haste {unknown}
 m - 2 potions of brilliance {unknown}


   Skills:
 + Level 1.8 Fighting
 - Level 1.5 Armour
 - Level 3.0 Dodging
 - Level 3.0 Stealth
 * Level 8.0 Spellcasting
 + Level 4.0 Conjurations
 - Level 1.1 Summonings
 - Level 1.1 Translocations
 + Level 2.4 Fire Magic
 - Level 1.0 Air Magic
 - Level 1.0 Poison Magic


You had 11 spell levels left.
You knew the following spells:

 Your Spells              Type           Power      Damage    Failure   Level
a - Magic Dart            Conj           100%       1d8       1%          1
b - Mephitic Cloud        Conj/Pois/Air  17%        N/A       13%         3
c - Call Imp              Summ           13%        N/A       10%         2
d - Blink                 Tloc           N/A        N/A       10%         2
e - Conjure Flame         Conj/Fire      22%        6-21      8%          3

Your spell library contained the following spells:

 Spells                   Type           Power      Damage    Failure   Level
 Slow                     Hex            8%         N/A       16%         2


Dungeon Overview and Level Annotations

Branches:
Dungeon (5/15)
 Temple: D:4-7

Altars:
Gozag

Shops:
D:4 ?

Annotations:
D:5 Edmund


Message History

Aiming: Magic Dart (safe; 1% risk of failure)
Press: ? - help, Shift-Dir - straight line, f/p - kobold brigand
Aim: a kobold brigand, wielding a +0 club and quivering poisoned darts (noxious fumes, almost dead, confused, poisoned, 100% to hit)
The magic dart hits the kobold brigand but does no damage.
The kobold brigand is almost dead.
The kobold brigand is engulfed in noxious fumes.
The kobold brigand appears confused.
You hit the kobold brigand but do no damage.
The kobold brigand looks even sicker.
The kobold brigand is almost dead.
You kill the kobold brigand!
Your Spellcasting skill increases to level 8!
Your Conjurations skill increases to level 4!
A phantom comes into view.
A scorpion comes into view.
Your magical contamination has completely faded away.
Items here: (( ))))) †††.
Unknown command.
The kobold shouts!
An orc comes into view. It is wielding a +0 short sword.
The orc moves out of view.
The orc shouts!
The water moccasin hisses angrily.
Edmund shouts!
Found a glass wand.
You block the water moccasin's attack. The water moccasin barely misses you.
Edmund says, "I might not be good at magic, but I can still kill you!"
Edmund says, "I might not be good at magic, but I can still kill you!"
The water moccasin bites you.
You see here a wand of paralysis (8).
y - a wand of paralysis (8)
The water moccasin bites you but does no damage.
The orc hits you but does no damage. You block the water moccasin's attack.
Casting: Magic Dart (safe; 1% risk of failure)
Confirm with . or Enter, or press ? or * to list all spells.
You blink.
The ogre hits you with a +0 giant club!!
Ouch! That really hurt!
You die...

####### #....
#.....## #....
#......# #....
##.....# #....
#..So..# #....
#..O...# #....
#.@@...# #....
#......# #....
#......# #....
##....#########.K##
##......#.....#....
#.............#....
#.<...........#....
#.............#....
#.............#....


You could see Edmund, a water moccasin, an ogre and an orc.

Vanquished Creatures
  2 ogres (D:5)
  A kobold brigand (D:5)
  A scorpion (D:4)
  A centaur skeleton (D:4)
  3 hounds
  A bullfrog skeleton (D:4)
  2 iguanas
  2 orc wizards (D:5)
  A howler monkey skeleton (D:4)
  3 adders
  3 gnolls (D:4)
  An ufetubus (D:4)
  A worm (D:4)
  2 dart slugs
  4 orcs
  9 ball pythons
  5 bats
  7 endoplasms
  9 giant cockroaches
  12 goblins
  4 hobgoblins
  11 jackals
  4 quokkas
  2 frilled lizards (D:1)
  15 kobolds
  5 rats
111 creatures vanquished.

Notes
Turn   | Place    | Note
-------+----------+-------------------------------------------
     0 | D:1      | pokeman the Deep Elf Hedge Wizard began the quest for the
                  | Orb.
     0 | D:1      | Reached XP level 1. HP: 10/10 MP: 7/7
   596 | D:1      | Reached XP level 2. HP: 16/16 MP: 6/9
   727 | D:1      | Found a faded altar of an unknown god.
  1181 | D:1      | Reached skill level 5 in Spellcasting
  1301 | D:1      | Reached XP level 3. HP: 20/20 MP: 9/11
  1305 | D:1      | Learned a level 3 spell: Mephitic Cloud
  1308 | D:1      | Learned a level 2 spell: Call Imp
  1311 | D:1      | Learned a level 2 spell: Blink
  1315 | D:1      | Learned a level 3 spell: Conjure Flame
  1955 | D:2      | Reached skill level 1 in Fighting
  2133 | D:2      | Reached skill level 1 in Armour
  2744 | D:2      | Reached XP level 4. HP: 25/25 MP: 5/13
  4422 | D:4      | Found Qugim's Magic Scroll Boutique.
  4425 | D:4      | Bought a scroll of noise for 10 gold pieces
  4425 | D:4      | Bought a scroll of identify for 20 gold pieces
  4425 | D:4      | Bought a scroll of identify for 20 gold pieces
  4425 | D:4      | Bought a scroll of teleportation for 30 gold pieces
  4425 | D:4      | Bought a scroll of fog for 20 gold pieces
  4425 | D:4      | Bought a scroll of identify for 20 gold pieces
  4425 | D:4      | Bought a scroll of immolation for 35 gold pieces
  4577 | D:4      | Reached skill level 6 in Spellcasting
  4577 | D:4      | Reached XP level 5. HP: 29/29 MP: 10/15
  4937 | D:4      | Found an opulent altar of Gozag.
  5024 | D:4      | Reached skill level 1 in Fire Magic
  5091 | D:4      | Reached XP level 6. HP: 31/34 MP: 10/17
  5438 | D:4      | Identified a scroll of acquirement
  5439 | D:4      | Acquired 649 gold pieces
  5469 | D:5      | Entered Level 5 of the Dungeon
  5482 | D:5      | Reached skill level 7 in Spellcasting
  5482 | D:5      | Reached skill level 1 in Air Magic
  5482 | D:5      | Reached skill level 1 in Poison Magic
  5551 | D:5      | Noticed Edmund
  5552 | D:5      | Noticed a water moccasin
  5886 | D:5      | Reached XP level 7. HP: 18/38 MP: 6/20
  6113 | D:5      | Reached skill level 8 in Spellcasting
  6156 | D:5      | Mangled by an ogre

Illustrated notes

Levels and vault maps discovered:
D:1:      lemuel_arrival_funnel, layout_loops_corners,
          hellmonk_ecumenical_altar_dog_temple
D:2:      layout_basic, minmay_cut_off
D:3:      layout_basic
D:4:      layout_loops_ring, grunt_gozag_statues, serial_shops,
          nicolae_shop_behind_doors
D:5:      layout_gridville, nicolae_elemental_shop, hangedman_decor_lopped,
          uniq_edmund

Skill      XL: |  1  2  3  4  5  6  7 |
---------------+----------------------+-----
Spellcasting   | 5 6 7 8 |  8.0
Fighting       | 1 |  1.8
Conjurations   | 2 3 4 |  4.0
Armour         | 1 |  1.5
Dodging        | 3 |  3.0
Stealth        | 3 |  3.0
Fire Magic     | 1 2 |  2.4
Air Magic      | 1 |  1.0
Poison Magic   | 1 |  1.0
Summonings     | |  1.1
Translocations | |  1.1

Action                   |  1- 3 |  4- 6 |  7- 9 || total
-------------------------+-------+-------+-------++-------
Melee: Short sword       |     9 |    41 |    16 ||    66
 Cast: Magic Dart        |   127 |   116 |     7 ||   250
       Mephitic Cloud    |       |     9 |     4 ||    13
       Conjure Flame     |       |     2 |       ||     2
       Call Imp          |       |     4 |       ||     4
       Blink             |       |     3 |     1 ||     4
  Use: Scroll            |       |     6 |       ||     6
       Potion            |       |       |     1 ||     1
 Stab: Sleeping          |       |     2 |       ||     2
       Confused          |       |     6 |     1 ||     7
Armor: Robe              |     5 |     4 |       ||     9
       Leather armour    |       |     3 |     3 ||     6
Dodge: Dodged            |    23 |    33 |     9 ||    65
Block: Other             |     9 |    12 |     5 ||    26
       Reflection        |       |     1 |     1 ||     2

Table legend: (Time is in decaauts)
 A = Elapsed time spent in this place.
 B = Non-inter-level travel time spent in this place.
 C = Inter-level travel time spent in this place.
 D = Time resting spent in this place.
 E = Time spent auto-exploring this place.
 F = Levels seen in this place.
 G = Mean time per level.
                   A        B        C        D        E       F      G
               +--------+--------+--------+--------+--------+-----+--------+
         Total |   6162 |   5981 |    181 |    500 |   4779 |   5 | 1232.4 |
       Dungeon |   6162 |   5981 |    181 |    500 |   4779 |   5 | 1232.4 |
               +--------+--------+--------+--------+--------+-----+--------+

Top non-repeatable levels by time:
     D:1: 1754 daAuts
     D:4: 1732 daAuts
     D:2: 1255 daAuts
     D:3: 1197 daAuts
     D:5: 222 daAuts
